 Dungeon Crawl Stone Soup version 0.31-a0-728-g01b46875f1 (webtiles) character file.

Game seed: 738390138263909806

1557 Dirtsage the Ruffian (level 8, -1/62 HPs)
             Began as a Demonspawn Shapeshifter on Sept 11, 2023.
             Was an Initiate of Ru.
             Slain by a vampire mosquito (5 damage)
             ... on level 6 of the Dungeon.
             The game lasted 00:08:37 (5051 turns).

Dirtsage the Ruffian (Demonspawn Shapeshifter)      Turns: 5051, Time: 00:08:38

Health: -1/62      AC: 12    Str: 23    XL:     8   Next: 58%
Magic:  8/8        EV:  8    Int: 11    God:    Ru [......]
Gold:   213        SH:  0    Dex: 13    Spells: 7/7 levels left

rFire   . .          .
                       - Unarmed
rCold   . . .        (no shield)
rNeg    . . .        g - +3 chain mail
rPois   .            (helmet currently unavailable)
rElec   .            (cloak currently unavailable)
rCorr   .            (gloves currently unavailable)
SInv    .            (boots currently unavailable)
Will    .....        (no amulet) Stlth
                     m - +6 ring of strength
HPRegen 0.30/turn    (no ring)
MPRegen 0.11/turn

%: no passive effects
@: beast-form
A: beast (slay +3), sharp scales 1, demonic touch 1
a: Begin Untransformation, Renounce Religion


You were on level 6 of the Dungeon.
You worshipped Ru.
Ru was noncommittal.
You were a hulking beast.
You visited 2 branches of the dungeon, and saw 7 of its levels.
You also visited: Sewer.

You collected 213 gold pieces.

Inventory:

Missiles
 s - 3 curare-tipped darts
Armour
 b - a +0 helmet
 g - a +3 chain mail (worn)
 i - a +0 pair of boots
Jewellery
 a - a ring of ice
 m - a +6 ring of strength (left hand)
Talismans
 c - a beast talisman (active)
 d - a flux talisman
 n - a storm talisman
Wands
 F - a wand of polymorph (2)
Scrolls
 e - a scroll of brand weapon {unknown}
 f - a scroll of fog {unknown}
 j - 3 scrolls of identify {unknown}
 k - 4 scrolls of vulnerability {unknown}
 l - 6 scrolls of teleportation {unknown}
 p - 2 scrolls of enchant armour {unknown}
 w - 2 scrolls of immolation {unknown}
 x - a scroll of blinking {unknown}
 y - 2 scrolls of poison {unknown}
 z - a scroll of fear {unknown}
 E - a scroll of amnesia {unknown}
Potions
 h - 2 potions of resistance {unknown}
 o - 2 potions of mutation {unknown}
 q - 2 potions of might {unknown}
 r - 3 potions of heal wounds {unknown}
 t - a potion of magic {unknown}
 u - a potion of cancellation {unknown}
 v - a potion of attraction {unknown}
 A - a potion of curing {unknown}
 B - a potion of berserk rage {unknown}
 C - a potion of invisibility {unknown}
 D - 2 potions of brilliance {unknown}


   Skills:
 + Level 5.3 Fighting
 - Level 1.7 Dodging
 * Level 7.5 Unarmed Combat
 + Level 5.2 Shapeshifting


You had 7 spell levels left.
You didn't know any spells.
Your spell library contained the following spells:

 Spells                   Type           Power      Damage    Failure   Level
 Call Canine Familiar     Summ           0%         N/A       100%        3
 Sigil of Binding         Hex            0%         N/A       100%        3
 Cause Fear               Hex            0%         N/A       100%        4
 Dimensional Bullseye     Hex/Tloc       0%         N/A       100%        4
 Leda's Liquefaction      Hex/Erth       0%         N/A       100%        4
 Fireball                 Conj/Fire      0%         3d3       100%        5
 Dragon's Call            Summ           0%         N/A       100%        9


Dungeon Overview and Level Annotations

Branches:
Dungeon (6/15)             Temple (1/1) D:5           Sewer (visited)

Altars:
Ashenzari
Fedhas
Gozag
Hepliaklqana
Kikubaaqudgha
Makhleb
Nemelex Xobeh
Okawaru
Qazlal
Ru
Sif Muna
Trog
Uskayaw
Vehumet
Wu Jian
Xom

Shops:
D:1 ?


Innate Abilities, Weirdness & Mutations

You are a hulking beast.
Your limbs bulge with bestial killing power. (Slay +3)
You are partially covered in razor-sharp scales. (AC +1, Slay +1)
Your touch may inflict minor irresistible damage on your foes.


Message History

The vampire mosquito closely misses you.
You miss the vampire mosquito.
The vampire mosquito is heavily damaged.
The vampire mosquito bites you.
The vampire mosquito draws strength from your injuries!
The vampire mosquito bites you but does no damage.
You take 3 damage, and have 24/62 hp.
You barely miss the vampire mosquito. Your touch misses the vampire mosquito.
The vampire mosquito is heavily damaged.
The vampire mosquito bites you but does no damage.
You barely miss the vampire mosquito.
The vampire mosquito is heavily damaged.
The vampire mosquito bites you but does no damage.
The vampire mosquito closely misses you.
You punch the vampire mosquito!
The vampire mosquito is severely damaged.
The vampire mosquito bites you!
* * * LOW HITPOINT WARNING * * *
The vampire mosquito draws strength from your injuries!
You take 7 damage, and have 18/62 hp.
You barely miss the vampire mosquito.
The vampire mosquito is heavily damaged.
The vampire mosquito bites you.
* * * LOW HITPOINT WARNING * * *
The vampire mosquito draws strength from your injuries!
The vampire mosquito bites you.
* * * LOW HITPOINT WARNING * * *
The vampire mosquito draws strength from your injuries!
You take 9 damage, and have 9/62 hp.
You hit the vampire mosquito.
The vampire mosquito is heavily damaged.
The vampire mosquito bites you but does no damage.
The vampire mosquito bites you.
* * * LOW HITPOINT WARNING * * *
The vampire mosquito draws strength from your injuries!
You take 5 damage, and have 4/62 hp.
You barely miss the vampire mosquito. Your touch misses the vampire mosquito.
The vampire mosquito is moderately damaged.
The vampire mosquito bites you.
You die...

#################
#................
#................
######...####hy.##..
##...##...# #...#
#....'....# .......
#....#....# ..........
####...##...####...###..
..##...####+# #...# #
...#....# .....
...#....# ......
..##....#


You could see a vampire mosquito.

Vanquished Creatures
  A steam dragon (D:4)
  A vampire mosquito (D:6)
  An ogre (D:4)
  2 phantoms (D:5)
  4 kobold brigands (Sewer)
  A wyvern zombie (D:5)
  A scorpion (D:5)
  2 bullfrog zombies (D:5)
  A centaur zombie (D:5)
  A centaur skeleton (D:5)
  A hound (D:5)
  An orc priest (D:5)
  A sleepcap (D:4)
  3 iguanas (D:5)
  2 orc wizards
  2 scorpion zombies (D:5)
  A killer bee zombie (D:5)
  A hound skeleton (D:5)
  Robin (D:3)
  A river rat (D:3)
  8 adders
  3 ufetubi
  6 worms
  15 orcs
  15 bats
  6 endoplasms
  6 giant cockroaches
  16 goblins
  7 hobgoblins
  22 kobolds
  2 quokkas
  11 ball pythons
  2 frilled lizards
  10 rats
158 creatures vanquished.

Notes
Turn   | Place    | Note
-------+----------+-------------------------------------------
     0 | D:1      | Dirtsage the Demonspawn Shapeshifter began the quest for
                  | the Orb.
     0 | D:1      | Reached XP level 1. HP: 15/15 MP: 1/1
    98 | D:1      | Found Muxuff's Magic Scroll Emporium.
   302 | D:1      | Reached skill level 3 in Unarmed Combat
   302 | D:1      | Gained mutation: Your touch may inflict minor irresistible
                  | damage on your foes. [demonic ancestry]
   302 | D:1      | Reached XP level 2. HP: 19/21 MP: 2/2
   839 | D:2      | Reached XP level 3. HP: 10/27 MP: 3/3
  1428 | D:3      | Noticed Robin
  1442 | D:3      | Gained mutation: You are partially covered in razor-sharp
                  | scales. (AC +1, Slay +1) [demonic ancestry]
  1442 | D:3      | Reached XP level 4. HP: 33/33 MP: 4/4
  1475 | D:3      | Killed Robin
  1597 | D:3      | Found an opulent altar of Gozag.
  1615 | D:3      | Found a glowing drain.
  1641 | Sewer    | Entered a sewer
  1662 | Sewer    | Noticed a kobold brigand
  1667 | Sewer    | Killed a kobold brigand
  1668 | Sewer    | Reached skill level 4 in Unarmed Combat
  1668 | Sewer    | Reached XP level 5. HP: 33/39 MP: 5/5
  2044 | Sewer    | Reached XP level 6. HP: 34/47 MP: 4/6
  2057 | Sewer    | Reached skill level 5 in Unarmed Combat
  2238 | D:3      | Found a faded altar of an unknown god.
  3082 | D:4      | Noticed a steam dragon
  3425 | D:4      | Found a large runed translucent door.
  3425 | D:4      | Found a large runed translucent door.
  3440 | D:4      | Reached XP level 7. HP: 38/53 MP: 7/7
  3531 | D:4      | Found a broken altar of Ashenzari.
  3536 | D:4      | Found a shimmering blue altar of Sif Muna.
  3643 | D:4      | Killed a steam dragon
  3644 | D:4      | Reached skill level 6 in Unarmed Combat
  3735 | D:5      | Entered Level 5 of the Dungeon
  4045 | D:5      | Reached XP level 8. HP: 43/61 MP: 8/8
  4331 | D:5      | Reached skill level 7 in Unarmed Combat
  4531 | D:5      | Found a staircase to the Ecumenical Temple.
  4540 | Temple   | Entered the Ecumenical Temple
  4555 | Temple   | Became a worshipper of Ru the Awakened
  4679 | D:5      | Reached skill level 5 in Fighting
  4679 | D:5      | Reached skill level 5 in Shapeshifting
  4707 | D:5      | Found a shimmering altar of Xom.
  5051 | D:6      | Slain by a vampire mosquito

Illustrated notes

Levels and vault maps discovered:
D:1:      eino_arrival_druids_welcome, layout_loops_cross, serial_shops,
          nicolae_shop_trees
D:2:      minmay_angry_zag, layout_rooms, amethyst_killhole,
          roderic_roman_lattice
D:3:      layout_basic, grunt_gozag_statues, portal_sewer_entry_a,
          dilly_ecumenical_altar_fadedgnrine, minivault_14, glass_columns_a,
          corexii_hall_statues_t, uniq_robin
D:4:      layout_rooms, jmf_multi_god_temple2, roderic_batcave
D:5:      layout_basic, pf_just_have_faith,
          minmay_temple_entry_drinking_statues, serial_undead, serial_undead_f,
          serial_undead_e, serial_undead_a, serial_undead_f, serial_undead_f,
          serial_undead_b
D:6:      layout_gridville
Temple:   bh_familiar_temple

Skill      XL: |  1  2  3  4  5  6  7  8 |
---------------+-------------------------+-----
Unarmed Combat | 3 4 5 6 7 |  7.5
Shapeshifting  | 3 4 5 |  5.2
Fighting       | 2 3 4 5 |  5.3
Dodging        | |  1.7

Action                     |  1- 3 |  4- 6 |  7- 9 || total
---------------------------+-------+-------+-------++-------
  Melee: Unarmed           |   105 |   153 |   131 ||   389
         Punch             |     3 |       |     7 ||    10
         Touch             |     5 |    30 |    16 ||    51
  Throw: Dart              |       |       |     2 ||     2
    Use: Potion            |     1 |       |       ||     1
 Armour: Chain mail        |    64 |   125 |    66 ||   255
         Skin              |    19 |    15 |       ||    34
         Plate armour      |       |    41 |    69 ||   110
  Dodge: Dodged            |    45 |    76 |    48 ||   169

Table legend: (Time is in decaauts)
 A = Elapsed time spent in this place.
 B = Non-inter-level travel time spent in this place.
 C = Inter-level travel time spent in this place.
 D = Time resting spent in this place.
 E = Time spent auto-exploring this place.
 F = Levels seen in this place.
 G = Mean time per level.
                   A        B        C        D        E       F      G
               +--------+--------+--------+--------+--------+-----+--------+
         Total |   5055 |   4892 |    163 |    330 |   3601 |   8 |  631.9 |
       Dungeon |   4494 |   4343 |    151 |    324 |   3204 |   6 |  749.0 |
        Temple |     28 |     16 |     12 |      0 |      0 |   1 |   28.0 |
         Sewer |    531 |    531 |      0 |      6 |    396 |   1 |  531.0 |
               +--------+--------+--------+--------+--------+-----+--------+

Top non-repeatable levels by time:
     D:4: 991 daAuts
     D:5: 961 daAuts
     D:3: 940 daAuts
     D:2: 884 daAuts
   Sewer: 531 daAuts
     D:1: 530 daAuts
     D:6: 186 daAuts
  Temple: 28 daAuts
